 Dungeon Crawl Stone Soup version 0.29-a0-231-g945431f764 (webtiles) character file.

Game seed: 15473769987558508766

508 KJlag the Covered (level 6, -3/66 (76) HPs)
             Began as a Minotaur Fighter on Feb 28, 2022.
             Slain by a wight
             ... wielding a +0 spear
              (6 damage)
             ... on level 4 of the Dungeon.
             The game lasted 00:32:14 (4089 turns).

KJlag the Covered (Minotaur Fighter)                Turns: 4089, Time: 00:32:15

HP:   -3/66 (76)    AC: 23    Str: 20    XL:     6   Next: 98%
MP:   5/5           EV:  2    Int:  5    God:
Gold: 255           SH:  5    Dex: 12    Spells: 5/5 levels left

rFire   + + .      SeeInvis .   i - +1 dagger (elec)
rCold   x x .      Faith    .   c - +0 buckler
rNeg    . . .      Spirit   .   (body armour currently unavailable)
rPois   +          Reflect  .   (helmet currently unavailable)
rElec   .          Harm     .   (cloak currently unavailable)
rCorr   .          Rampage  .   (gloves currently unavailable)
Will    .....      Clarity  +   (boots currently unavailable)
Stlth   +......... NoTele   +   d - amulet of the acrobat
HPRegen 0.21/turn               h - ring of fire
MPRegen 0.09/turn               j - ring of fire

@: tree-form, acrobatic, heavily drained
A: stationary, stasis, torment immunity, boosted hp, (horns 2), (retaliatory
headbutt), (fangs 1), clarity, frail 1
a: no special abilities


You were on level 4 of the Dungeon.
You were a tree.
You visited 1 branch of the dungeon, and saw 4 of its levels.

You collected 255 gold pieces.

Inventory:

Hand Weapons
 a - a +0 long sword
 i - a +1 dagger of electrocution (weapon)
Missiles
 l - a poisoned dart (quivered)
Armour
 c - a +0 buckler (worn)
 g - a +0 pair of boots (melded)
 o - a +0 plate armour (melded)
Jewellery
 d - an amulet of the acrobat (around neck)
 h - a ring of fire (left branch)
 j - a ring of fire (right branch)
Scrolls
 b - a scroll of brand weapon {unknown}
 e - 2 scrolls of fear
 m - 3 scrolls of identify
Potions
 p - a potion of berserk rage {unknown}
 q - a potion of might


   Skills:
 * Level 5.7 Fighting
 * Level 5.6 Long Blades
 * Level 5.8 Armour
 + Level 4.8 Shields


You had 5 spell levels left.
You didn't know any spells.
Your spell library contained the following spells:

 Spells                   Type           Power      Damage    Failure   Level
 Ensorcelled Hibernation  Hex/Ice        0%         N/A       71%         2
 Passwall                 Tmut/Erth      0%         N/A       71%         2
 Scorch                   Fire           0%         2d5       71%         2
 Gell's Gravitas          Tloc           0%         N/A       90%         3
 Swiftness                Air            0%         N/A       90%         3
 Teleport Other           Tloc           0%         N/A       90%         3
 Flame Wave               Conj/Fire      0%         2d4       100%        4
 Dispersal                Tloc           0%         N/A       100%        6
 Summon Cactus Giant      Summ           0%         N/A       100%        6


Dungeon Overview and Level Annotations

Branches:
Dungeon (4/15)
 Temple: D:4-7

Altars:
Cheibriados


Innate Abilities, Weirdness & Mutations

You are a tree.
Your roots penetrate the ground, keeping you stationary.
You cannot be teleported.
You are immune to unholy pain and torment.
Your maximum health is greatly increased.
Your equipment is partially melded.
((You have a pair of horns on your head.))
((You reflexively headbutt those who attack you in melee.))
((You have very sharp teeth.))
You possess an exceptional clarity of mind.
You are frail. (-10% HP)


Message History

You cannot move.
You hit the wight but do no damage. You block the wight's attack.
You hit the wight but do no damage.
The wight hits you from afar with a +0 spear!
You feel drained.
* * * LOW HITPOINT WARNING * * *
The wight hits you but does no damage.
You completely miss the wight.
The wight hits you but does no damage. x2
You hit the wight but do no damage. You hit the wight.
Lightning courses through the wight!!
You destroy the wight!
The wight hits you but does no damage.
You cannot move.
You cannot move.
You cannot move.
The wight hits you from afar with a +0 spear.
* * * LOW HITPOINT WARNING * * *
Unknown command.
The wight hits you but does no damage. The wight hits you but does no damage.
The wight hits you but does no damage. You block the wight's attack.
The wight hits you but does no damage. You block the wight's attack.
The wight hits you from afar with a +0 spear.
* * * LOW HITPOINT WARNING * * *
You feel drained. You block the wight's attack.
The wight hits you but does no damage. The wight hits you but does no damage.
The wight hits you but does no damage.
The wight hits you from afar with a +0 spear.
* * * LOW HITPOINT WARNING * * *
You feel drained.
* * * LOW HITPOINT WARNING * * *
The wight hits you but does no damage.
The wight hits you from afar with a +0 spear!
* * * LOW HITPOINT WARNING * * *
The wight hits you from afar with a +0 spear.
You die...

#..'..........'...#.#
####..........##..#.#
#..........##..#.#
#..........##..#.#
#..........##..#.#
#..........##..#.#
.........##z.#.#
#################).#.#
................♣..#.#
##################.#.#
#..................#.#
#.##################.#
#.# #................#
#.# #.################
#.# #.# #.# #.# #.#
#.#


You could see a wight.

Vanquished Creatures
  A phantom (D:4)
  A necrophage (D:4)
  4 wights (D:4)
  A hound (D:4)
  An orc wizard (D:3)
  3 adders
  2 worms
  6 orcs
  5 ball pythons
  2 bats
  6 endoplasms
  6 hobgoblins
  2 jackals (D:2)
  7 kobolds
  2 quokkas
  4 frilled lizards
  13 goblins
  6 rats
72 creatures vanquished.

Notes
Turn   | Place    | Note
-------+----------+-------------------------------------------
     0 | D:1      | KJlag the Minotaur Fighter began the quest for the Orb.
     0 | D:1      | Reached XP level 1. HP: 19/19 MP: 0/0
   139 | D:1      | Reached XP level 2. HP: 27/27 MP: 1/1
   760 | D:2      | Reached XP level 3. HP: 26/33 MP: 2/2
  1653 | D:3      | Reached XP level 4. HP: 40/40 MP: 3/3
  1857 | D:3      | Found a snail-covered altar of Cheibriados.
  2816 | D:4      | Reached XP level 5. HP: 47/47 MP: 4/4
  2822 | D:4      | Gained mutation: You have a pair of large horns on your
                  | head. [potion of mutation]
  2825 | D:4      | Lost mutation: You have a pair of large horns on your head.
                  | [potion of mutation]
  2825 | D:4      | Gained mutation: You have very sharp teeth. [potion of
                  | mutation]
  2825 | D:4      | Gained mutation: You are frail. (-10% HP) [potion of
                  | mutation]
  2825 | D:4      | Gained mutation: You possess an exceptional clarity of
                  | mind. [potion of mutation]
  3069 | D:4      | Noticed a phantom
  3081 | D:4      | Killed a phantom
  3082 | D:4      | Reached skill level 5 in Fighting
  3082 | D:4      | Reached skill level 5 in Armour
  3457 | D:4      | Reached skill level 5 in Long Blades
  3457 | D:4      | Reached XP level 6. HP: 42/50 MP: 5/5
  4088 | D:4      | HP: 3/66 [wight/+0 spear (7)]
  4089 | D:4      | Slain by a wight

Illustrated notes

Levels and vault maps discovered:
D:1:      lordsloth_arrival_two_stooges, layout_rooms, hangedman_decor_opposing
D:2:      layout_loops_ring, serial_aquarium, aquarium_bridge_square
          [aquarium_subvault_window, aquarium_subvault_bridge,
          aquarium_subvault_window, aquarium_subvault_bridge],
          aquarium_window_1, aquarium_window_fake, aquarium_window_fake,
          aquarium_view_2c
D:3:      layout_basic, mainiacjoe_overflow_24_doors, mrwooster_statue_mirror,
          small_statue_intersection, amcnicky_mini_corridor_feature,
          patterned_corridor
D:4:      layout_basic

Skill      XL: |  1  2  3  4  5 |
---------------+----------------+-----
Long Blades    | 3 4 5 |  5.6
Fighting       | 4 5 |  5.7
Armour         | 4 5 |  5.8
Shields        | 4 |  4.8

Action                   |  1- 3 |  4- 6 || total
-------------------------+-------+-------++-------
Melee: Long sword        |   111 |       ||   111
       Headbutt          |    17 |    13 ||    30
       Dagger            |     5 |   129 ||   134
       Bite              |       |     9 ||     9
Throw: Dart              |       |     8 ||     8
  Use: Scroll            |     3 |     5 ||     8
       Potion            |     2 |     6 ||     8
Armor: Scale mail        |    54 |       ||    54
       Plate armour      |       |    42 ||    42
       Skin              |       |    12 ||    12
Dodge: Dodged            |    52 |    16 ||    68
Block: Buckler           |    28 |    26 ||    54

Table legend: (Time is in decaauts)
 A = Elapsed time spent in this place.
 B = Non-inter-level travel time spent in this place.
 C = Inter-level travel time spent in this place.
 D = Time resting spent in this place.
 E = Time spent auto-exploring this place.
 F = Levels seen in this place.
 G = Mean time per level.
                   A        B        C        D        E       F      G
               +--------+--------+--------+--------+--------+-----+--------+
         Total |   4090 |   4004 |     86 |    623 |   2251 |   4 | 1022.5 |
       Dungeon |   4090 |   4004 |     86 |    623 |   2251 |   4 | 1022.5 |
               +--------+--------+--------+--------+--------+-----+--------+

Top non-repeatable levels by time:
     D:4: 1334 daAuts
     D:3: 1134 daAuts
     D:2: 1016 daAuts
     D:1: 605 daAuts
